 Dungeon Crawl Stone Soup version 0.30-a0-241-g1121274140 (webtiles) character file.

Game seed: 6649153816820944904

2973 freelancePsychic the Magician (level 10, 0/65 HPs)
             Began as a Djinni Hexslinger on Oct 11, 2022.
             Was a Priest of Hepliaklqana.
             Killed by an exploding two-headed ogre (11 damage)
             ... ignited by their inner flame
             ... on level 8 of the Dungeon.
             The game lasted 00:13:34 (6112 turns).

freelancePsychic the Magician (Djinni Hexslinger)   Turns: 6112, Time: 00:13:34

Health: 0/65       AC:  8    Str:  9    XL:     10   Next: 8%
Gold:   384        EV: 13    Int: 19    God:    Hepliaklqana [***...] SH:  0 Dex: 14

rFire   + + .      SeeInvis +    b - +3 short sword (venom)
rCold   x . .      Faith    .    (no shield)
rNeg    . . .      Spirit   .    c - +0 robe
rPois   ∞          Reflect  .    y - +2 hat
rElec   .          Harm     .    B - +0 cloak
rCorr   .          Rampage  .    s - +2 pair of gloves
Will    +....                    (boots unavailable)
Stlth   +++.......               (no amulet)
HPRegen 0.30/turn                F - ring of see invisible
MPRegen 0.00/turn                (no ring)

@: flying, studying Stealth
A: reduced essence, sickness immunity, fire resistance 2, cold vulnerability 1,
float, innate caster, HP casting, extra vitality 1
a: Renounce Religion, Recall Ancestor, Ancestor Identity, Transference


You were on level 8 of the Dungeon.
You worshipped Hepliaklqana.
Hepliaklqana was most pleased with you.
You visited 1 branch of the dungeon, and saw 8 of its levels.
You also visited: Ossuary.

You collected 384 gold pieces.

Inventory:

Hand Weapons
 a - a +1 sling
 b - a +3 short sword of venom (weapon)
Armour
 c - a +0 robe (worn)
 s - a +2 pair of gloves (worn)
 w - a +0 buckler
 y - a +2 hat (worn)
 B - a +0 cloak (worn)
Jewellery
 e - a +6 ring of intelligence
 F - a ring of see invisible (left hand)
Wands
 x - a wand of flame (16)
 C - a wand of acid (11)
Scrolls
 d - a scroll of blinking
 f - a scroll of amnesia
 k - a scroll of teleportation {@r4}
 m - a scroll of torment
 p - a scroll of immolation
 q - a scroll of poison
 t - a scroll of fear
 v - 5 scrolls of enchant weapon
 G - a scroll of butterflies
Potions
 g - 4 potions of mutation
 h - a potion of magic
 i - a potion of brilliance
 j - 4 potions of heal wounds {@q2}
 l - 3 potions of attraction
 n - 2 potions of degeneration {unknown}
 o - 2 potions of ambrosia {unknown}
 r - 3 potions of might {unknown}
 u - 2 potions of resistance {unknown}
 z - a potion of curing {@q1}
 A - a potion of berserk rage {unknown}
 D - 2 potions of flight {unknown}
 E - a potion of haste {@q3}


   Skills:
 + Level 6.5 Fighting
 - Level 2.5 Short Blades
 - Level 1.5 Ranged Weapons
 + Level 4.2 Dodging
 - Level 5.7 Stealth
 * Level 7.3 Spellcasting
 - Level 3.0 Invocations


You had 3 spell levels left.
You knew the following spells:

 Your Spells              Type           Power      Damage    Failure   Level
a - Dazzling Flash        Conj/Hex       70%        N/A       1%          3
b - Inner Flame           Hex/Fire       35%        N/A       1%          3
c - Portal Projectile     Hex/Tloc       70%        N/A       1%          3
d - Cause Fear            Hex            17%        N/A       4%          4
e - Summon Small Mammal   Summ           100%       N/A       1%          1
f - Wereblood             Tmut           35%        N/A       1%          2
g - Slow                  Hex            100%       N/A       1%          1
h - Lesser Beckoning      Tloc           70%        N/A       1%          3
Your spell library was empty.

Dungeon Overview and Level Annotations

Branches:
Dungeon (8/15)             Temple (0/1) D:5         Ossuary (visited)
   Lair: D:8-11

Altars:
Hepliaklqana
Trog
The Shining One


Innate Abilities, Weirdness & Mutations

Your life essence is reduced to manifest your ancestor. (-10% HP)
You are immune to sickness and miasma.
You are immune to poison.
Your flesh is very heat resistant. (rF++)
You are vulnerable to cold. (rC-)
You float through the air rather than walking.
You learn spells naturally, not from books.
Your magical power is your life essence.
You have superior vitality. (+4 MHP)


Message History

The fiery explosion engulfs the killer bee!!
You kill the killer bee!
The killer bee explodes!
The fiery explosion engulfs you! You resist.
Incinera points at the gnoll and mumbles some strange words.
The puff of frost hits the gnoll!
You hear a shout! x2
Casting: Inner Flame (safe; 1% risk of failure)
Confirm with . or Enter, or press ? or * to list all spells.
Aiming: Inner Flame (safe; 1% risk of failure)
Press: ? - help, Dir - move target, f - two-headed ogre
Aim: a two-headed ogre, wielding a +0 giant club and a +0 giant spiked club (flame, chance to affect: 74%)
The two-headed ogre is filled with an inner flame.
You are engulfed in blazing flames.
You resist.
The two-headed ogre is engulfed in blazing flames.
Flame seeps out of the two-headed ogre.
You hit the two-headed ogre.
Flame seeps out of the two-headed ogre.
The two-headed ogre is poisoned.
The two-headed ogre is moderately wounded.
You are engulfed in blazing flames.
You resist.
Flame seeps out of the two-headed ogre.
The killer bee closely misses you.
An orc comes into view. It is wielding a +0 dagger.
A vampire comes into view.
The gnoll hits Incinera with a +0 flail!
The two-headed ogre is engulfed in blazing flames.
Flame seeps out of the two-headed ogre.
The two-headed ogre completely misses you.
The two-headed ogre barely misses you.
Incinera hits the gnoll with a +0 quarterstaff!
The gnoll dies!
You hit the two-headed ogre but do no damage.
The two-headed ogre looks as sick as possible!
The two-headed ogre is severely wounded.
You are engulfed in blazing flames.
You resist.
* * * LOW HITPOINT WARNING * * *
Flame seeps out of the two-headed ogre.
The killer bee stings you!
* * * LOW HITPOINT WARNING * * *
The two-headed ogre is engulfed in blazing flames.
The two-headed ogre explodes!
The fiery explosion engulfs you! You resist.
You die...

........#
........#
........#
........#
........#######
....).....=...#
...?.R.yyy....#
......g@§§....#
.......§§§....#
......§§§§....#
.......y......#
#######.......#
#.......#
#V.o.....
.........


You could see the friendly Incinera the battlemage, a vampire, 4 killer bees, a
gnoll and an orc.

Vanquished Creatures
  A two-headed ogre (D:8)
  Pikel (D:7)
  Maggie (D:7)
  Sigmund (D:2)
  A water moccasin (D:6)
  4 ice beasts
  An ogre (D:7)
  A kobold brigand (D:4)
  2 necrophages
  A scorpion (D:4)
  4 killer bees (D:8)
  A human zombie (Ossuary)
  2 hounds (D:5)
  2 orc priests (D:2)
  Crazy Yiuf (D:5)
  2 iguanas
  2 mummies (Ossuary)
  5 adders
  An adder zombie (Ossuary)
  2 worms (D:2)
  A dart slug (D:1)
  10 orcs
  9 endoplasms
  A giant cockroach (D:2)
  A gnoll zombie (Ossuary)
  7 goblins
  5 hobgoblins
  15 kobolds
  6 quokkas
  5 ball pythons
  A bat (D:2)
  3 frilled lizards (D:2)
  A goblin zombie (Ossuary)
  2 kobold zombies (Ossuary)
  2 quokka zombies (Ossuary)
  9 rats
114 creatures vanquished.

Vanquished Creatures (collateral kills)
  A spriggan (D:7)
  A steam dragon (D:7)
  An ice beast (D:7)
  An ogre (D:7)
  2 lemures (D:7)
  An elf zombie (Ossuary)
  A hound (D:6)
  A human zombie (Ossuary)
  2 orc priests
  A jelly (D:7)
  2 orc wizards
  A mummy (Ossuary)
  An adder (D:5)
  A gnoll (D:8)
  2 adder zombies (Ossuary)
  An orc (D:5)
  A ball python (D:4)
  A hobgoblin (D:4)
  A quokka (D:5)
  2 goblin zombies (Ossuary)
  A hobgoblin zombie (Ossuary)
  2 kobold zombies (Ossuary)
  A rat zombie (Ossuary)
29 creatures vanquished.

Vanquished Creatures (others)
  2 battlemagi (D:7)
2 creatures vanquished.

Grand Total: 145 creatures vanquished

Notes
Turn   | Place    | Note
-------+----------+-------------------------------------------
     0 | D:1      | freelancePsychic the Djinni Hexslinger began the quest for
                  | the Orb.
     0 | D:1      | freelancePsychic set off with the following spells
                  | memorised: Slow, Inner Flame, Portal Projectile, Cause
                  | Fear.
     0 | D:1      | Reached XP level 1. HP: 17/17 MP: 0/0
    90 | D:1      | Reached XP level 2. HP: 22/22 MP: 0/0
   391 | D:1      | Reached XP level 3. HP: 24/27 MP: 0/0
   391 | D:1      | Learned a level 1 spell: Summon Small Mammal
   550 | D:1      | Reached skill level 3 in Spellcasting
   732 | D:2      | Identified a scroll of acquirement
   737 | D:2      | Acquired a manual of Stealth
   743 | D:2      | Reached XP level 4. HP: 31/33 MP: 0/0
   997 | D:2      | Noticed Sigmund
  1023 | D:2      | Killed Sigmund
  1024 | D:2      | Reached XP level 5. HP: 13/39 MP: 0/0
  1024 | D:2      | Learned a level 2 spell: Wereblood
  1024 | D:2      | Reached XP level 6. HP: 15/45 MP: 0/0
  1569 | D:2      | Reached skill level 4 in Spellcasting
  2020 | D:3      | Noticed an ice beast
  2031 | D:3      | Killed an ice beast
  2032 | D:3      | Reached XP level 7. HP: 39/50 MP: 0/0
  2032 | D:3      | Learned a level 3 spell: Dazzling Flash
  2148 | D:3      | Found a hazy altar of Hepliaklqana.
  2216 | D:3      | Became a worshipper of Hepliaklqana the Forgotten
  2615 | D:4      | Reached skill level 5 in Stealth
  2754 | D:4      | Reached * piety under Hepliaklqana
  2879 | D:4      | Reached skill level 1 in Short Blades
  2988 | D:4      | Found a glowing golden altar of the Shining One.
  3071 | D:4      | Found a bloodstained altar of Trog.
  3198 | D:5      | Entered Level 5 of the Dungeon
  3362 | D:5      | Found a runed translucent door.
  3363 | D:5      | Noticed Crazy Yiuf
  3422 | D:5      | Reached XP level 8. HP: 40/52 MP: 0/0
  3552 | D:5      | Reached ** piety under Hepliaklqana
  3553 | D:5      | Remembered your ancestor Incinera as a battlemage
  4068 | D:5      | Found a staircase to the Ecumenical Temple.
  4146 | D:5      | Killed Crazy Yiuf
  4411 | D:6      | Reached skill level 5 in Spellcasting
  4837 | D:7      | Reached skill level 1 in Invocations
  4984 | D:7      | Noticed Pikel
  5006 | D:7      | Killed Pikel
  5007 | D:7      | Reached skill level 5 in Fighting
  5007 | D:7      | Reached skill level 6 in Spellcasting
  5007 | D:7      | Reached XP level 9. HP: 42/58 MP: 0/0
  5007 | D:7      | Learned a level 3 spell: Lesser Beckoning
  5027 | D:7      | Reached *** piety under Hepliaklqana
  5042 | D:7      | Found a sand-covered staircase.
  5048 | Ossuary  | Entered an ossuary
  5650 | D:7      | Noticed Maggie
  5662 | D:7      | Killed Maggie
  5830 | D:7      | Reached skill level 7 in Spellcasting
  6064 | D:7      | Reached XP level 10. HP: 63/65 MP: 0/0
  6106 | D:8      | Noticed a two-headed ogre
  6112 | D:8      | Killed a two-headed ogre
  6112 | D:8      | Killed by an exploding two-headed ogre... ignited by their
                  | inner flame

Illustrated notes

Levels and vault maps discovered:
D:1:      psy_arrival_wood_between_worlds, layout_basic
D:2:      layout_loops_ring, uniq_sigmund
D:3:      layout_loops_ring, general_overflow_altar
D:4:      layout_cave_pools, lightli_temple_of_fire, tso_oasis_becter
D:5:      layout_basic, vehumet_altar_wand_db, temple_hall,
          uniq_crazy_yiuf_cottage
D:6:      layout_basic, minmay_manual_monstrance
D:7:      layout_gridville, mainiacjoe_overflow_alcove_1,
          nicolae_ossuary_entry_plus, st_stairs_7, hangedman_decor_growths,
          the_hattery, uniq_pikel, uniq_maggie
D:8:      layout_basic, kennysheep_slug_shrine, enter_bailey_8

Skill      XL: |  1  2  3  4  5  6  7  8  9 |
---------------+----------------------------+-----
Spellcasting   | 3 4 6 7 |  7.3
Fighting       | 2 3 5 6 |  6.5
Stealth        | 3 4 5 |  5.7
Short Blades   | 1 2 |  2.5
Invocations    | 2 3 |  3.0
Dodging        | 4 |  4.2
Ranged Weapons | |  1.5

Action                   |  1- 3 |  4- 6 |  7- 9 | 10-12 || total
-------------------------+-------+-------+-------+-------++-------
Melee: Short sword       |    23 |    84 |   189 |     3 ||   299
       Punch             |     1 |     1 |     1 |       ||     3
 Fire: Sling             |    70 |     6 |       |       ||    76
 Cast: Slow              |    11 |       |       |       ||    11
       Inner Flame       |       |     3 |    27 |     3 ||    33
       Summon Small Mamm |       |     2 |     3 |       ||     5
       Dazzling Flash    |       |       |     3 |       ||     3
Invok: Ancestor Identity |       |       |     1 |       ||     1
       Ancestor Life: Ba |       |       |     1 |       ||     1
       Recall Ancestor   |       |       |     1 |       ||     1
Evoke: Wand              |       |       |     4 |       ||     4
  Use: Scroll            |     4 |     2 |    13 |       ||    19
       Potion            |       |     1 |       |       ||     1
 Stab: Sleeping          |       |     2 |     5 |       ||     7
       Distracted        |       |       |     3 |       ||     3
Armor: Robe              |    11 |    11 |    37 |       ||    59
Dodge: Dodged            |    27 |    42 |    94 |     5 ||   168

Table legend: (Time is in decaauts)
 A = Elapsed time spent in this place.
 B = Non-inter-level travel time spent in this place.
 C = Inter-level travel time spent in this place.
 D = Time resting spent in this place.
 E = Time spent auto-exploring this place.
 F = Levels seen in this place.
 G = Mean time per level.
                   A        B        C        D        E       F      G
               +--------+--------+--------+--------+--------+-----+--------+
         Total |   6122 |   5981 |    141 |    169 |   4621 |   9 |  680.2 |
       Dungeon |   5808 |   5667 |    141 |    169 |   4409 |   8 |  726.0 |
       Ossuary |    313 |    313 |      0 |      0 |    212 |   1 |  313.0 |
               +--------+--------+--------+--------+--------+-----+--------+

Top non-repeatable levels by time:
     D:7: 1118 daAuts
     D:2: 1109 daAuts
     D:5: 1015 daAuts
     D:3: 764 daAuts
     D:1: 675 daAuts
     D:4: 673 daAuts
     D:6: 447 daAuts
 Ossuary: 313 daAuts
     D:8: 5 daAuts
